 Dungeon Crawl Stone Soup version 0.26.0-10-g1f06aea511 (webtiles) character file.

Game seed: 1158809078652527489

422 ythm the Chopper (level 6, -1/53 HPs)
             Began as a Gnoll Berserker on Jan 14, 2021.
             Was a Priest of Trog.
             Slain by a gnoll
             ... wielding a +0 club
              (6 damage)
             ... on level 5 of the Dungeon.
             The game lasted 00:04:29 (4566 turns).

ythm the Chopper (Gnoll Berserker)                  Turns: 4566, Time: 00:04:30

Health: -1/53      AC:  6    Str: 21    XL:     6   Next: 95%
Magic:  9/9        EV: 14    Int: 10    God:    Trog [***...]
Gold:   133        SH:  0    Dex: 14    Spells: 9/9 levels left

rFire    . . .     SeeInvis .   a - +0 hand axe
rCold    . . .     Faith    .   (no shield)
rNeg     . . .     Spirit   .   p - +2 leather armour {rPois}
rPois    +         Reflect  .   (no helmet)
rElec    .         Harm     .   s - +0 cloak
rCorr    .         Rampage  .   (no gloves)
Will     .....     Rnd*Tele +   (no boots)
Stlth    ++........             (no amulet)
HPRegen  0.17/turn              g - ring of teleportation (curse)
MPRegen  0.11/turn              o - ring of wizardry

@: berserk cooldown, slowed, very slow
A: distributed training, fangs 1, strong nose
a: Renounce Religion, Berserk, Trog's Hand


You were on level 5 of the Dungeon.
You worshipped Trog.
Trog was most pleased with you.
You visited 1 branch of the dungeon, and saw 5 of its levels.

You collected 133 gold pieces.

Inventory:

Hand Weapons
 a - a +0 hand axe (weapon)
 d - a +0 dagger of venom
 r - a +3 quarterstaff of chaos
Missiles
 i - 56 poisoned darts
Armour
 b - a +0 animal skin
 j - a +0 ring mail
 p - a +2 leather armour of poison resistance (worn)
 s - a +0 cloak (worn)
Jewellery
 g - a cursed ring of teleportation (left hand)
 o - a ring of wizardry (right hand)
Wands
 v - a wand of digging (8)
Scrolls
 e - a scroll of enchant armour {unknown}
 f - 2 scrolls of identify
 l - a scroll of teleportation {unknown}
 q - a scroll of fear {unknown}
 w - a scroll of random uselessness
 x - a scroll of remove curse {unknown}
 y - a scroll of magic mapping {unknown}
Potions
 c - 2 potions of curing
 h - 2 potions of mutation {unknown}
 k - a potion of haste {unknown}
 m - a potion of invisibility {unknown}
 n - 2 potions of flight {unknown}
 t - a potion of lignification {unknown}
 u - a potion of degeneration {unknown}


   Skills:
 + Level 6.9 Fighting
 + Level 2.1 Short Blades
 + Level 2.1 Long Blades
 + Level 6.9 Axes
 + Level 2.1 Maces & Flails
 + Level 2.1 Polearms
 + Level 2.1 Staves
 + Level 2.1 Slings
 + Level 2.1 Bows
 + Level 2.1 Crossbows
 + Level 2.1 Throwing
 + Level 5.1 Armour
 + Level 5.1 Dodging
 + Level 2.1 Stealth
 + Level 2.1 Shields
 + Level 2.1 Unarmed Combat
 + Level 2.1 Spellcasting
 + Level 1.7 Conjurations
 + Level 1.7 Hexes
 + Level 1.7 Summonings
 + Level 1.7 Necromancy
 + Level 1.7 Translocations
 + Level 1.7 Transmutations
 + Level 1.7 Fire Magic
 + Level 1.7 Ice Magic
 + Level 1.7 Air Magic
 + Level 1.7 Earth Magic
 + Level 1.7 Poison Magic
 + Level 2.4 Invocations
 + Level 2.1 Evocations


You had 9 spell levels left.
You didn't know any spells.
Your spell library was empty.

Dungeon Overview and Level Annotations

Branches:
Dungeon (5/15)
 Temple: D:4-7

Altars:
Hepliaklqana
Okawaru
Ru

Shops:
D:4 (

Annotations:
D:5 Pikel


Innate Abilities, Weirdness & Mutations

Your experience applies equally to all skills.
You have very sharp teeth.
Your uncanny sense of smell can sniff out nearby items.


Message History

The lemure shouts!
Found five items.
A lemure comes into view.
Unknown command.
Unknown command.
Okay, then.
Okay, then.
As you read the scroll labelled HUSKID IGRIYTO, it crumbles to dust.
It is a scroll of identify.
c - 2 potions of curing The white imp shouts, "Return whence thou came, thou infectious beetle-headed efter!"
You hear a loud, deep croak!
As you read the scroll labelled AJOBOE JUTU, it crumbles to dust.
The dust glows bright leaf green!
It was a scroll of random uselessness.
The lemure shouts!
The white imp gestures at you. The puff of frost hits you.
* * * LOW HITPOINT WARNING * * *
The gnoll hits you with a +0 club.
You die...

#............#
##............#
..............#
#............#
#..5.....g...#
#............#
#!.....g....(#
#.....@g......
#......$.....#
#..?(.........
#.....K......#
######5#######


555 #.. ##. You could see Pikel, 4 lemures, 3 gnolls and a white imp.

Vanquished Creatures
  A hound (D:4)
  2 orc priests
  Crazy Yiuf (D:3)
  4 orc wizards
  2 worker ants (D:4)
  3 adders
  A shadow imp (D:5)
  An ooze (D:3)
  An adder zombie (D:5)
  An adder skeleton (D:4)
  3 worms
  3 dart slugs
  3 leopard geckos (D:4)
  18 orcs
  A ball python (D:4)
  5 giant cockroaches
  5 goblins
  5 hobgoblins
  5 jackals
  A quokka (D:4)
  5 bats
  6 frilled lizards
  A jackal skeleton (D:4)
  4 kobolds
  A quokka skeleton (D:4)
  7 rats
90 creatures vanquished.

Notes
Turn   | Place    | Note
-------+----------+-------------------------------------------
     0 | D:1      | ythm the Gnoll Berserker began the quest for the Orb.
     0 | D:1      | Reached XP level 1. HP: 23/23 MP: 1/1
   344 | D:1      | Reached XP level 2. HP: 29/29 MP: 2/2
   906 | D:2      | Found an iron altar of Okawaru.
  1018 | D:2      | Reached ** piety under Trog
  1019 | D:2      | Reached XP level 3. HP: 35/35 MP: 2/4
  1069 | D:2      | Reached skill level 1 in Invocations
  1621 | D:2      | Reached skill level 1 in Short Blades
  1621 | D:2      | Reached skill level 1 in Long Blades
  1621 | D:2      | Reached skill level 1 in Maces & Flails
  1621 | D:2      | Reached skill level 1 in Polearms
  1621 | D:2      | Reached skill level 1 in Staves
  1621 | D:2      | Reached skill level 1 in Slings
  1621 | D:2      | Reached skill level 1 in Bows
  1621 | D:2      | Reached skill level 1 in Crossbows
  1621 | D:2      | Reached skill level 1 in Throwing
  1621 | D:2      | Reached skill level 1 in Stealth
  1621 | D:2      | Reached skill level 1 in Shields
  1621 | D:2      | Reached skill level 1 in Unarmed Combat
  1621 | D:2      | Reached skill level 1 in Spellcasting
  1621 | D:2      | Reached skill level 1 in Evocations
  1701 | D:2      | Reached XP level 4. HP: 40/41 MP: 5/5
  2101 | D:3      | Reached skill level 1 in Conjurations
  2101 | D:3      | Reached skill level 1 in Hexes
  2101 | D:3      | Reached skill level 1 in Summonings
  2101 | D:3      | Reached skill level 1 in Necromancy
  2101 | D:3      | Reached skill level 1 in Translocations
  2101 | D:3      | Reached skill level 1 in Transmutations
  2101 | D:3      | Reached skill level 1 in Fire Magic
  2101 | D:3      | Reached skill level 1 in Ice Magic
  2101 | D:3      | Reached skill level 1 in Air Magic
  2101 | D:3      | Reached skill level 1 in Earth Magic
  2101 | D:3      | Reached skill level 1 in Poison Magic
  2107 | D:3      | Reached XP level 5. HP: 23/47 MP: 5/7
  2818 | D:3      | Found a runed translucent door.
  2819 | D:3      | Noticed Crazy Yiuf
  2928 | D:3      | Killed Crazy Yiuf
  3633 | D:3      | Found a hazy altar of Hepliaklqana.
  3790 | D:4      | Reached XP level 6. HP: 53/53 MP: 8/8
  3794 | D:4      | Reached skill level 5 in Armour
  3794 | D:4      | Reached skill level 5 in Dodging
  3794 | D:4      | Reached *** piety under Trog
  3912 | D:4      | Found a sacrificial altar of Ru.
  4356 | D:4      | Found Zannufam's Antique Weapon Shop.
  4465 | D:5      | Entered Level 5 of the Dungeon
  4564 | D:5      | Noticed Pikel
  4566 | D:5      | Slain by a gnoll

Illustrated notes

Levels and vault maps discovered:
D:1:      matt_arrival_spirals, layout_basic
D:2:      layout_basic, okawaru_trees_2
D:3:      layout_basic, nicolae_overflow_hidden_temple,
          kennysheep_generic_room_12, uniq_crazy_yiuf_cottage
D:4:      layout_basic, kennysheep_mini_moat, serial_shops, nicolae_shop_trees
D:5:      layout_basic, sword_in_stone, uniq_pikel, uniq_prince_ribbit1

Skill      XL: |  1  2  3  4  5  6 |
---------------+-------------------+-----
Invocations    | 1 2 |  2.4
Short Blades   | 1 2 |  2.1
Long Blades    | 1 2 |  2.1
Maces & Flails | 1 2 |  2.1
Polearms       | 1 2 |  2.1
Staves         | 1 2 |  2.1
Slings         | 1 2 |  2.1
Bows           | 1 2 |  2.1
Crossbows      | 1 2 |  2.1
Throwing       | 1 2 |  2.1
Stealth        | 1 2 |  2.1
Shields        | 1 2 |  2.1
Unarmed Combat | 1 2 |  2.1
Spellcasting   | 1 2 |  2.1
Evocations     | 1 2 |  2.1
Conjurations   | 1 |  1.7
Hexes          | 1 |  1.7
Summonings     | 1 |  1.7
Necromancy     | 1 |  1.7
Translocations | 1 |  1.7
Transmutations | 1 |  1.7
Fire Magic     | 1 |  1.7
Ice Magic      | 1 |  1.7
Air Magic      | 1 |  1.7
Earth Magic    | 1 |  1.7
Poison Magic   | 1 |  1.7
Armour         | 5 |  5.1
Dodging        | 5 |  5.1
Fighting       | |  6.9
Axes           | |  6.9

Action                   |  1- 3 |  4- 6 || total
-------------------------+-------+-------++-------
Melee: Hand axe          |    69 |   197 ||   266
       Bite              |     8 |    35 ||    43
       Punch             |     1 |     3 ||     4
Invok: Berserk           |       |     3 ||     3
  Use: Scroll            |       |     2 ||     2
 Stab: Sleeping          |     1 |     3 ||     4
Armor: Animal skin       |     3 |       ||     3
       Ring mail         |    13 |    12 ||    25
       Leather armour    |       |    36 ||    36
Dodge: Dodged            |    34 |   108 ||   142
